 Dungeon Crawl Stone Soup version 0.32-a0-893-gf85d74f360 (webtiles) character file.

Game seed: 3759647852900194483

268 Heh the Apothecary (level 6, -3/47 HPs)
             Began as a Coglin Alchemist on Apr 3, 2024.
             Was an Initiate of Beogh.
             Slain by a gnoll
             ... wielding a +0 spear
              (5 damage)
             ... on level 4 of the Dungeon.
             The game lasted 00:06:30 (3244 turns).

Heh the Apothecary (Coglin Alchemist)               Turns: 3244, Time: 00:06:31

Health: -3/47      AC:  2    Str:  8 (10) XL:     6   Next: 21%
Magic:  9/9        EV: 11    Int: 12 (14) God:    Beogh [......]
Gold:   140        SH:  0    Dex: 12 (15) Spells: 4/9 levels left

rFire   . . .        w - +2 whip (distort) {Teghnoor}
rCold   . . .        i - +0 whip (freeze) {Sebastián}
rNeg    . . .        a - +0 robe
rPois   .            (no helmet)
rElec   .            (no cloak)
rCorr   .            (no gloves)
SInv    .            (no boots)
Will    +....        (amulet unavailable)
Stlth   ++           (ring unavailable)
HPRegen 0.27/turn    (ring unavailable)
MPRegen 0.11/turn    (no gizmo)

%: no passive effects
@: lethally poisoned (-3 -> -7), enlightened, flying, very slightly contaminated
A: off-hand wielding, slow wielding, warmup strikes, no jewellery
a: Invent Gizmo, Renounce Religion


You were on level 4 of the Dungeon.
You worshipped Beogh.
Beogh was noncommittal.
You visited 1 branch of the dungeon, and saw 4 of its levels.

You collected 140 gold pieces.

Inventory:

Hand Weapons
 c - a +0 flail {Octavius}
 e - a +0 spear {Fumito}
 i - a +0 whip of freezing (offhand) {Sebastián}
 w - a +2 whip of distortion (weapon) {Teghnoor}
Armour
 a - a +0 robe (worn)
 v - a +0 pair of boots
Wands
 f - a wand of paralysis (10)
Scrolls
 g - 2 scrolls of amnesia {unknown}
 h - a scroll of summoning {unknown}
 j - a scroll of brand weapon {unknown}
 k - 2 scrolls of fog {unknown}
 l - a scroll of revelation {unknown}
 m - a scroll of silence {unknown}
 o - 3 scrolls of identify {unknown}
 p - 3 scrolls of teleportation {unknown}
 u - 2 scrolls of poison {unknown}
Potions
 b - 2 potions of magic
 d - a potion of degeneration
 r - a potion of haste {unknown}
 s - a potion of attraction {unknown}
 t - a potion of ambrosia {unknown}


   Skills:
 + Level 3.1 Fighting
 + Level 1.0 Maces & Flails
 - Level 2.0 Dodging
 - Level 1.5 Stealth
 - Level 2.0 Spellcasting
 - Level 0.8 Conjurations
 * Level 5.9 Alchemy


You had 4 spell levels left.
You knew the following spells:

 Your Spells              Type           Power      Damage    Failure   Level
a - Sting                 Conj/Alch      36%        1d5       7%          1
b - Olgreb's Toxic Radia  Alch           15%        N/A       24%         4

Your spell library contained the following spells:

 Spells                   Type           Power      Damage    Failure   Level
 Mercury Vapours          Alch/Air       16%        N/A       12%         2
 Mephitic Cloud           Conj/Alch/Air  6%         N/A       32%         3
 Lesser Beckoning         Tloc           2%         N/A       38%         2
 Maxwell's Portable Pile  Tloc           1%         2d(5-13)  63%         3
 Sigil of Binding         Hex            1%         N/A       63%         3
 Teleport Other           Tloc           1%         N/A       63%         3
 Sticky Flame             Fire/Alch      8%         2d4       63%         4
 Death Channel            Necr           0%         N/A       100%        6
 Sculpt Simulacrum        Ice/Alch       4%         N/A       100%        6


Dungeon Overview and Level Annotations

Branches:
Dungeon (4/15)
 Temple: D:4-7

Altars:
Makhleb

Annotations:
D:3 1 runed translucent door, EvilEddieB's ghost, amateur DsHu


Innate Abilities, Weirdness & Mutations

You can wield a second weapon in your off-hand.
It takes a long time for you to wield or remove held weapons.
Your first few attacks do less damage.
You cannot equip rings or amulets.


Message History

There was something very wrong with that liquid.
You feel weakened.
You feel dopey.
You feel clumsy.
* * * LOW HITPOINT WARNING * * *
You feel very sick.
The gnoll splashes around in the water.
The ribbon worm bites you.
* * * LOW HITPOINT WARNING * * *
It was a potion of heal wounds.
You feel much better.
You feel very sick.
The gnoll hits you from afar with a +0 spear!
* * * LOW HITPOINT WARNING * * *
* * * LOW HITPOINT WARNING * * *
You feel very sick.
The ribbon worm expels a string of sticky webbing.
The stream of webbing misses you.
The gnoll hits you from afar with a +0 spear.
* * * LOW HITPOINT WARNING * * *
You feel much better.
You feel very sick.
The gnoll hits you from afar with a +0 spear.
* * * LOW HITPOINT WARNING * * *
The ribbon worm splashes around in the water.
Casting: Olgreb's Toxic Radiance (quite dangerous; 24% risk of failure)
Confirm with . or Enter, or press ? or * to list all spells.
Okay, then.
Casting: Olgreb's Toxic Radiance (quite dangerous; 24% risk of failure)
Confirm with . or Enter, or press ? or * to list all spells.
You don't have enough magic to cast this spell.
Magic courses through your body.
You feel sick.
The gnoll hits you from afar with a +0 spear.
* * * LOW HITPOINT WARNING * * *
The ribbon worm bites you!
* * * LOW HITPOINT WARNING * * *
Unknown command.
It was a potion of enlightenment.
You feel very buoyant.
You fly up into the air.
* * * LOW HITPOINT WARNING * * *
You feel sick.
The gnoll hits you from afar with a +0 spear.
You die...

#...#.≈~.~≈...#
#.≈≈≈≈≈≈~.## ....
#..####~o#~~≈#~~~####....
#...#~≈≈≈≈~.[~≈≈≈≈#.....
#....~≈≈≈≈...≈≈≈≈≈.#..#
..#~~≈≈≈≈~ß.~≈≈≈~~..# .
#~~≈≈≈≈≈~.#~≈≈≈#≈~.#
...#~~~≈≈≈#.).)~~≈≈†~.#.##
#...~~~≈≈@.<)~≈†~~≈...>..
#~≈≈~gw~.).~≈≈~#≈~.....
....~~≈≈≈≈~≈ß~≈≈≈~~~~.....
.....~g≈≈~~~.†~≈≈#~~......
......≈#≈≈~..#.≈#≈~.......
......#≈≈≈≈$.[~≈≈#~.......
.......~≈≈≈~#~#~≈~........
....#....~≈≈~~≈≈†........#
#.####...#≈~.~~..........


You could see a ribbon worm, 2 gnolls and an orc.

Vanquished Creatures
  2 orc priests (D:4)
  An orc wizard (D:4)
  3 gnolls (D:2)
  6 adders
  11 dart slugs
  A ribbon worm (D:2)
  4 orcs (D:4)
  4 ball pythons
  7 endoplasms
  3 giant cockroaches
  6 goblins
  5 hobgoblins
  7 kobolds
  8 quokkas
  A bat (D:3)
  3 frilled lizards
  6 rats
78 creatures vanquished.

Notes
Turn   | Place    | Note
-------+----------+-------------------------------------------
     0 | D:1      | Heh the Coglin Alchemist began the quest for the Orb.
     0 | D:1      | Reached XP level 1. HP: 13/13 MP: 3/3
    77 | D:1      | Reached XP level 2. HP: 12/20 MP: 2/4
   109 | D:1      | You fall into a shaft and drop 1 floor!
   165 | D:2      | Reached skill level 1 in Fighting
   511 | D:2      | Reached XP level 3. HP: 26/26 MP: 2/6
   691 | D:2      | Reached skill level 4 in Alchemy
   744 | D:2      | Reached XP level 4. HP: 33/33 MP: 1/7
  2097 | D:3      | Found a runed translucent door.
  2102 | D:3      | Noticed EvilEddieB's ghost (amateur DsHu)
  2196 | D:3      | Reached XP level 5. HP: 35/39 MP: 5/8
  2233 | D:3      | Reached skill level 5 in Alchemy
  2306 | D:3      | Learned a level 4 spell: Olgreb's Toxic Radiance
  2449 | D:3      | Found a burning altar of Makhleb.
  3093 | D:4      | Reached skill level 1 in Maces & Flails
  3096 | D:4      | Reached XP level 6. HP: 45/47 MP: 4/9
  3145 | D:4      | Became a worshipper of Beogh the Shepherd
  3244 | D:4      | HP: 2/47 [poison]
  3244 | D:4      | Slain by a gnoll

Illustrated notes

Levels and vault maps discovered:
D:1:      dpeg_arrival_solitude, layout_rooms, chequers_avenue
D:2:      layout_basic
D:3:      layout_loops_corners, mainiacjoe_overflow_chevrons,
          ebering_ghost_reflecting_pool, chequers_serial_rivers_micro_c,
          kennysheep_crisscross, chequers_garden
D:4:      kennysheep_slugbush, layout_cave_pools, guppyfry_shop_venom

Skill      XL: |  1  2  3  4  5 |
---------------+----------------+-----
Fighting       | 1 2 3 |  3.1
Dodging        | 2 |  2.0
Spellcasting   | 2 |  2.0
Alchemy        | 4 5 |  5.9
Maces & Flails | 1 |  1.0
Stealth        | |  1.5
Conjurations   | |  0.8

Action                     |  1- 3 |  4- 6 || total
---------------------------+-------+-------++-------
  Melee: Flail             |    41 |    79 ||   120
         Spear             |    27 |     4 ||    31
         Whip              |       |    73 ||    73
   Cast: Sting             |    22 |    22 ||    44
         Olgreb's Toxic Ra |       |     3 ||     3
 Invoke: Convert to Beogh  |       |     1 ||     1
    Use: Potion            |       |     5 ||     5
   Stab: Sleeping          |     1 |     2 ||     3
 Armour: Robe              |    28 |    74 ||   102
  Dodge: Dodged            |    46 |    52 ||    98

Table legend: (Time is in decaauts)
 A = Elapsed time spent in this place.
 B = Non-inter-level travel time spent in this place.
 C = Inter-level travel time spent in this place.
 D = Time resting spent in this place.
 E = Time spent auto-exploring this place.
 F = Levels seen in this place.
 G = Mean time per level.
                   A        B        C        D        E       F      G
               +--------+--------+--------+--------+--------+-----+--------+
         Total |   3300 |   3246 |     54 |     66 |   2536 |   4 |  825.0 |
       Dungeon |   3300 |   3246 |     54 |     66 |   2536 |   4 |  825.0 |
               +--------+--------+--------+--------+--------+-----+--------+

Top non-repeatable levels by time:
     D:2: 1477 daAuts
     D:3: 1079 daAuts
     D:1: 563 daAuts
     D:4: 179 daAuts
